 Dungeon Crawl Stone Soup version 0.28.0-53-g5a82cb258f (webtiles) character file.

Game seed: 8387271454399382402

924 Erymatos the Cleaver (level 7, 0/63 HPs)
             Began as a Minotaur Berserker on June 11, 2022.
             Was a Priest of Trog.
             Slain by a jelly (3 damage)
             ... on level 5 of the Dungeon.
             The game lasted 00:04:40 (4386 turns).

Erymatos the Cleaver (Minotaur Berserker)           Turns: 4386, Time: 00:04:41

Health: 0/63       AC:  0    Str: 23    XL:     7   Next: 84%
Magic:  6/6        EV: 11    Int:  4    God:    Trog [***...]
Gold:   193        SH:  0    Dex: 10    Spells: 6/6 levels left

rFire   . . .      SeeInvis .   g - +0 war axe
rCold   . . .      Faith    .   (no shield)
rNeg    . . .      Spirit   .   e - +2 ring mail {rPois}
rPois   +          Reflect  .   (helmet restricted)
rElec   .          Harm     .   (no cloak)
rCorr   .          Rampage  .   (no gloves)
Will    .....                   (no boots)
Stlth   +.........              (no amulet)
HPRegen 0.20/turn               (no ring)
MPRegen 0.10/turn               (no ring)

@: corroded, on berserk cooldown, slowed, very slow
A: horns 2, retaliatory headbutt
a: Renounce Religion, Berserk, Trog's Hand


You were on level 5 of the Dungeon.
You worshipped Trog.
Trog was most pleased with you.
You visited 1 branch of the dungeon, and saw 5 of its levels.

You collected 193 gold pieces.

Inventory:

Hand Weapons
 a - a +0 hand axe
 g - a +0 war axe (weapon)
Armour
 b - a +0 animal skin
 e - a +2 ring mail of poison resistance (worn)
 p - a +0 plate armour
Jewellery
 h - a +4 ring of evasion
Scrolls
 d - a scroll of vulnerability {unknown}
 f - 2 scrolls of noise {unknown}
 i - a scroll of torment {unknown}
 k - a scroll of enchant weapon {unknown}
 l - a scroll of fog {unknown}
 m - a scroll of summoning {unknown}
 n - a scroll of teleportation {unknown}
 o - a scroll of holy word {unknown}
Potions
 c - a potion of berserk rage {unknown}
 j - 2 potions of brilliance {unknown}


   Skills:
 + Level 6.0 Fighting
 + Level 8.7 Axes
 + Level 4.8 Armour
 + Level 3.4 Dodging
 - Level 0.7 Stealth


You had 6 spell levels left.
You didn't know any spells.
Your spell library was empty.

Dungeon Overview and Level Annotations

Branches:
Dungeon (5/15)
 Temple: D:4-7

Altars:
Fedhas
Okawaru
Sif Muna
Xom

Annotations:
D:3 2 transporters, gnacko's ghost, amateur MfGl


Innate Abilities, Weirdness & Mutations

You have a pair of horns on your head.
You reflexively headbutt those who attack you in melee.


Message History

Unknown command.
You are too injured to fight recklessly!
Unknown command.
You are too injured to fight recklessly!
You are too injured to fight recklessly!
Unknown command.
You are too injured to fight recklessly!
Unknown command.
You are too injured to fight recklessly!
You slice the slime creature!! You headbutt the slime creature.
The slime creature is almost dead.
You slash the jelly!
Your hands burn!
You slash the jelly!
You kill the jelly!
Trog accepts your kill. The jelly hits you but does no damage.
The slime creature hits you.
* * * LOW HITPOINT WARNING * * *
You slash the slime creature!
You kill the slime creature!
Trog accepts your kill.
You hit the jelly.
Your hands burn!
* * * LOW HITPOINT WARNING * * *
The slime creature hits the fungus!
The jelly hits you.
* * * LOW HITPOINT WARNING * * *
You are splashed with acid!
* * * LOW HITPOINT WARNING * * *
Your Fighting skill increases to level 6!
Your Axes skill increases to level 8!
You slash the jelly!
You kill the jelly!
Trog accepts your kill.
A nearby fungus withers and dies.
The slime creature hits the fungus!
You feel a strong urge to attack something.
You are no longer berserk.
You are exhausted.
You feel yourself slow down.
You slash the jelly! The acid corrodes you!
Your hands burn!
* * * LOW HITPOINT WARNING * * *
The jelly is almost dead.
The jelly hits you.
You die...

## ###....############
##....
#####.......##÷..P÷P÷.(
####....#
##......##..##.....P.P.
#.....###
.....######.##.....P÷..
#.....## ...###
####.......÷. #......#
.##..# #.........
#......## #....#
#...J.PJ÷. #.......#
....## #J#######
#.......# ....#
##@..)..###.......#
....#
########.##.......#
...##
#....'..###.......#
...# #....####
#.......# #.##
#.......# ######### ###
#.......#
#..[)...######
#.......##...#####
##..)).###.......##


You could see a jelly.

Vanquished Creatures
  A slime creature (D:5)
  Sigmund (D:2)
  2 ogres
  A scorpion (D:5)
  3 jellies (D:5)
  A centaur skeleton (D:5)
  Robin (D:4)
  3 gnolls (D:4)
  7 adders
  2 ufetubi (D:5)
  3 worms
  4 orcs (D:5)
  10 endoplasms
  4 giant cockroaches
  11 goblins
  6 hobgoblins
  4 jackals (D:2)
  5 quokkas
  3 ball pythons (D:2)
  4 bats
  10 kobolds
  4 rats
90 creatures vanquished.

Vanquished Creatures (others)
  5 fungi (D:5)
  7 toadstools (D:5)
12 creatures vanquished.

Grand Total: 102 creatures vanquished

Notes
Turn   | Place    | Note
-------+----------+-------------------------------------------
     0 | D:1      | Erymatos the Minotaur Berserker began the quest for the
                  | Orb.
     0 | D:1      | Reached XP level 1. HP: 19/19 MP: 0/0
   221 | D:1      | Found a faded altar of an unknown god.
   281 | D:1      | Reached skill level 4 in Axes
   597 | D:1      | Reached XP level 2. HP: 25/27 MP: 1/1
   807 | D:2      | Noticed Sigmund
   816 | D:2      | Killed Sigmund
   817 | D:2      | Reached skill level 5 in Axes
   817 | D:2      | Reached XP level 3. HP: 34/34 MP: 2/2
   817 | D:2      | Reached XP level 4. HP: 41/41 MP: 3/3
   817 | D:2      | Reached XP level 5. HP: 47/47 MP: 4/4
  1155 | D:2      | Reached skill level 6 in Axes
  1169 | D:2      | Reached ** piety under Trog
  1260 | D:2      | Reached skill level 5 in Fighting
  1878 | D:3      | Found an iron altar of Okawaru.
  1912 | D:3      | Found a shimmering blue altar of Sif Muna.
  2625 | D:3      | Found a transporter.
  2629 | D:3      | Found a transporter.
  2629 | D:3      | Noticed gnacko's ghost (amateur MfGl)
  3046 | D:4      | Noticed Robin
  3061 | D:4      | Killed Robin
  3062 | D:4      | Reached XP level 6. HP: 55/55 MP: 5/5
  3216 | D:4      | Found a blossoming altar of Fedhas.
  3751 | D:4      | Reached skill level 7 in Axes
  3887 | D:5      | Entered Level 5 of the Dungeon
  4027 | D:5      | Reached XP level 7. HP: 40/61 MP: 6/6
  4277 | D:5      | Found a shimmering altar of Xom.
  4366 | D:5      | Reached *** piety under Trog
  4372 | D:5      | Noticed a slime creature
  4372 | D:5      | Noticed a slime creature
  4381 | D:5      | Killed a slime creature
  4382 | D:5      | Reached skill level 8 in Axes
  4386 | D:5      | HP: 3/63 [acid (5)]
  4386 | D:5      | Slain by a jelly

Illustrated notes

Levels and vault maps discovered:
D:1:      psy_arrival_radial02, layout_basic, dreamdust_ecumenical_altar_statues
D:2:      layout_loops_corners, chequers_hall_statues_y, uniq_sigmund
D:3:      layout_basic, lemuel_crystal_altar, lemuel_blue_sif_altar,
          gammafunk_ghost_arena
D:4:      layout_loops_corners, fedhas_altar_4, serial_forest,
          infiniplex_forest_end_2, infiniplex_forest_diagonal,
          infiniplex_forest_end_2, infiniplex_forest_lined_room_2,
          nicolae_elevator_lobby_asterisk, uniq_robin
D:5:      cheibrodos_fertilizer, layout_cave_pods, old_standard_altar

Skill      XL: |  1  2  3  4  5  6  7 |
---------------+----------------------+-----
Axes           | 4 5 6 7 8 |  8.7
Fighting       | 4 5 6 |  6.0
Armour         | 3 4 |  4.8
Dodging        | 3 |  3.4
Stealth        | |  0.7

Action                   |  1- 3 |  4- 6 |  7- 9 || total
-------------------------+-------+-------+-------++-------
Melee: Hand axe          |    22 |    46 |       ||    68
       Headbutt          |     4 |    15 |     2 ||    21
       War axe           |       |    73 |    24 ||    97
Invok: Berserk           |     1 |     1 |     1 ||     3
 Stab: Sleeping          |     1 |       |       ||     1
Armor: Ring mail         |       |    41 |     5 ||    46
Dodge: Dodged            |    14 |    74 |    15 ||   103
